 Dungeon Crawl Stone Soup version 0.30-a0-359-gd0147acb1a (webtiles) character file.

Game seed: 11906879091222314171

15494 lunokhod the Cleaver (level 12, 0/95 HPs)
             Began as a Formicid Fighter on Nov 12, 2022.
             Was a High Priest of Ignis.
             Killed from afar by a frost giant (41 damage)
             ... with a bolt of cold
             ... on level 15 of the Dungeon.
             The game lasted 00:27:48 (9002 turns).

lunokhod the Cleaver (Formicid Fighter)             Turns: 9002, Time: 00:27:49

Health: 0/95       AC: 17    Str: 26    XL:     12   Next: 58%
Magic:  12/12      EV: 17    Int:  8    God:    Ignis [*****.]
Gold:   78         SH:  6    Dex: 17    Spells: 11/11 levels left

rFire   + + .      SeeInvis +    H - +0 battleaxe
rCold   . . .      Faith    .    c - +0 buckler
rNeg    . . .      Spirit   .    r - +2 ring mail "Mugrul" {rF+ Dex+4 Slay+3 Stlth-}
rPois   .          Reflect  .    (helmet unavailable)
rElec   .          Harm     .    J - +2 cloak
rCorr   .          Rampage  .    E - +2 pair of gloves
Will    +....                    G - +1 pair of boots
Stlth   ..........               t - amulet of regeneration
HPRegen 1.15/turn                v - +4 ring of evasion
MPRegen 0.13/turn                (no ring)

@: mighty
A: permanent stasis, dig shafts and tunnels, antennae 3, four strong arms
a: Dig, Shaft Self, Renounce Religion, Fiery Armour, Foxfire Swarm, Rising Flame


You were on level 15 of the Dungeon.
You worshipped Ignis.
Ignis was extremely pleased with you.
You visited 1 branch of the dungeon, and saw 12 of its levels.

You collected 676 gold pieces.
You spent 598 gold pieces at shops.

Inventory:

Hand Weapons
 a - a +0 war axe
 u - a +2 dagger of venom
 H - a +0 battleaxe (weapon)
 I - a +3 vorpal flail
Missiles
 k - a curare-tipped dart
 z - 3 boomerangs
 D - 30 poisoned darts
Armour
 c - a +0 buckler (worn)
 f - a +0 plate armour of fire resistance
 r - the +2 ring mail "Mugrul" (worn) {rF+ Dex+4 Slay+3 Stlth-}
   (You found it on level 3 of the Dungeon)

   Dex:       It affects your dexterity (+4).
   Slay:      It affects your accuracy & damage with ranged weapons and melee
   (+3).
   rF:        It protects you from fire.
   Stlth:     It makes you less stealthy.
 E - a +2 pair of gloves (worn)
 G - a +1 pair of boots (worn)
 J - a +2 cloak (worn)
Jewellery
 t - an amulet of regeneration (around neck)
 v - a +4 ring of evasion (left hand)
Wands
 i - a wand of charming (17)
 x - a wand of flame (4)
Scrolls
 b - a scroll of enchant weapon {unknown}
 g - 2 scrolls of silence {unknown}
 h - 2 scrolls of immolation {unknown}
 j - a scroll of enchant armour
 m - 3 scrolls of poison
 n - 3 scrolls of butterflies {unknown}
 o - 2 scrolls of noise {unknown}
 q - a scroll of vulnerability {unknown}
 w - a scroll of summoning
 y - 2 scrolls of magic mapping {unknown}
Potions
 d - a potion of might
 e - 5 potions of curing
 l - a potion of attraction
 p - a potion of flight
 s - a potion of brilliance {unknown}
 A - 4 potions of lignification
 B - a potion of ambrosia
 C - 2 potions of mutation
 F - a potion of heal wounds


   Skills:
 + Level 9.2 Fighting
 + Level 0.5 Short Blades
 * Level 14.8 Axes
 + Level 7.7 Armour
 + Level 4.5 Dodging
 + Level 1.5 Stealth
 + Level 8.7 Shields
 + Level 4.4 Evocations


You had 11 spell levels left.
You didn't know any spells.
Your spell library contained the following spells:

 Spells                   Type           Power      Damage    Failure   Level
 Slow                     Hex            0%         N/A       58%         1
 Confusing Touch          Hex            0%         N/A       91%         3
 Vampiric Draining        Necr           0%         2d6       91%         3
 Summon Forest            Summ/Tloc      0%         N/A       100%        5
 Eringya's Noxious Bog    Tmut/Pois      0%         N/A       100%        6
 Summon Hydra             Summ           0%         N/A       100%        7


Dungeon Overview and Level Annotations

Branches:
Dungeon (13/15)            Temple (0/1) D:6            Lair (0/5) D:9
    Orc (0/2) D:9          Depths (0/4) D:15
 Vaults: D:13-14

Altars:
Ashenzari
Cheibriados
Dithmenos
Elyvilon
Fedhas
Kikubaaqudgha
Makhleb
Nemelex Xobeh
Ru
Sif Muna
Trog
Vehumet
Zin
Ignis

Shops:
D:1 =   D:6 (**

Annotations:
D:8 exclusion: door


Innate Abilities, Weirdness & Mutations

You cannot be hasted, slowed, berserked, paralysed or teleported.
You can dig through walls and to a lower floor.
You have a pair of large antennae on your head. (SInv)
Your four strong arms can wield two-handed weapons with a shield.


Message History

The tengu warrior is almost dead.
The tengu warrior barely misses you. You block the tengu warrior's attack.
The tengu warrior closely misses you.
You closely miss the tengu warrior.
The tengu warrior is almost dead.
The tengu warrior hits you but does no damage.
You block the tengu warrior's attack.
The tengu warrior claws you but does no damage.
You slice the tengu warrior!!
You kill the tengu warrior!
There is an open door, spattered with blood here.
Things that are here:
a +0 longbow; a tengu corpse You start resting.
HP restored.
There is an open door, spattered with blood here.
Things that are here:
a +0 longbow; a tengu corpse You sense a monster nearby.
You now have 78 gold pieces (gained 14).
You open the door.
A frost giant comes into view.
It is wielding a +2 battleaxe of freezing.
The frost giant shouts!
Found a staircase to the Depths.
Okay, then.
You feel very mighty all of a sudden.
Okay, then.
Okay, then.
You barely miss the frost giant.
The frost giant points at you and mumbles some strange words.
The bolt of cold hits you!
You slash the frost giant!
The frost giant is lightly wounded.
The frost giant hits you with a +2 battleaxe of freezing!!!
The frost giant freezes you.
You slash the frost giant!
The frost giant is moderately wounded.
The frost giant points at you and mumbles some strange words.
The bolt of cold hits you!!!
You die...

#######
......##########
......#≈≈...... {
......#≈.#≈≈≈###+#
......#......#...#
......).##≈..#.>.#
......#......# ..#
......#≈.#≈≈≈###C#
......#≈≈.......@#
......############
...........
..#####+####
..#........#
#.#........#
.##........#
..#........# .
.#..########...


You could see a frost giant.

Vanquished Creatures
  A vault guard (D:13)
  2 boulder beetles (D:15)
  A tengu warrior (D:15)
  An orc knight (D:15)
  A cyclops (D:15)
  A gargoyle (D:13)
  A kobold demonologist (D:9)
  An unseen horror zombie (D:9)
  A troll (D:13)
  Grinder (D:4)
  Sigmund (D:2)
  A shadow (D:10)
  A wyvern (D:9)
  Eustachio (D:4)
  2 wraiths (D:13)
  12 yaks
  2 vampire mosquitoes (D:13)
  2 steam dragons
  Edmund (D:4)
  3 wargs (D:9)
  An acid dragon (D:9)
  A water moccasin (D:8)
  A sky beast (D:8)
  5 orc warriors
  4 centaurs
  5 kobold brigands
  3 bullfrogs
  4 necrophages
  2 scorpions
  3 wights
  4 electric eels (D:8)
  11 howler monkeys
  A centaur zombie (D:9)
  A human zombie (D:9)
  3 hounds
  8 orc priests
  Crazy Yiuf (D:6)
  A gnoll bouda (D:7)
  3 iguanas
  10 orc wizards
  4 mummies (D:9)
  Robin (D:4)
  8 gnolls
  3 adders
  A shadow imp (D:7)
  A white imp (D:7)
  An ufetubus (D:4)
  4 dart slugs
  31 orcs
  9 ball pythons
  5 endoplasms
  3 giant cockroaches
  18 goblins
  12 hobgoblins
  4 quokkas
  4 bats
  4 frilled lizards
  20 kobolds
  5 rats
  A bush (D:9)
248 creatures vanquished.

Vanquished Creatures (others)
  A cyclops (D:15)
  17 bushes (D:9)
  5 plants
23 creatures vanquished.

Grand Total: 271 creatures vanquished

Notes
Turn   | Place    | Note
-------+----------+-------------------------------------------
     0 | D:1      | lunokhod the Formicid Fighter began the quest for the Orb.
     0 | D:1      | Reached XP level 1. HP: 18/18 MP: 1/1
   177 | D:1      | Found Geicel's Jewellery Shop.
   207 | D:1      | Reached XP level 2. HP: 19/24 MP: 2/2
   648 | D:1      | Found a faded altar of an unknown god.
   664 | D:1      | Found a faded altar of an unknown god.
   782 | D:1      | Prayed at the altar of an unknown god.
   782 | D:1      | Became a worshipper of Ignis, the Dying Flame
   907 | D:2      | Reached XP level 3. HP: 29/29 MP: 3/3
   921 | D:2      | Noticed Sigmund
  1085 | D:2      | Reached skill level 3 in Axes
  1189 | D:2      | Reached XP level 4. HP: 13/36 MP: 4/4
  1198 | D:2      | You fall into a shaft and drop 1 floor!
  1317 | D:3      | Identified the +3 robe of Daisies {Str+4 Archmagi}
  1597 | D:3      | Identified the +2 ring mail "Mugrul" {rF+ Dex+4 Slay+3
                  | Stlth-}
  1750 | D:3      | Found a radiant altar of Vehumet.
  2273 | D:4      | Noticed Grinder
  2393 | D:4      | Noticed Robin
  2400 | D:4      | Killed Robin
  2401 | D:4      | Reached XP level 5. HP: 42/42 MP: 5/5
  2461 | D:4      | Reached skill level 4 in Axes
  2665 | D:4      | Identified the +1 robe "Ewufa" {Will+ rCorr Archmagi}
  2667 | D:4      | Noticed Edmund
  2667 | D:4      | Noticed Eustachio
  2689 | D:5      | Entered Level 5 of the Dungeon
  2725 | D:5      | Reached skill level 1 in Dodging
  2783 | D:5      | Reached XP level 6. HP: 41/49 MP: 6/6
  2824 | D:5      | Found a sparkling altar of Nemelex Xobeh.
  2883 | D:5      | Reached skill level 5 in Axes
  3073 | D:5      | Reached XP level 7. HP: 55/55 MP: 7/7
  3183 | D:6      | Found Firosh's Assorted Antiques.
  3203 | D:6      | Found a blossoming altar of Fedhas.
  3342 | D:6      | Found Esaqis's Firing Range.
  3468 | D:6      | Found a staircase to the Ecumenical Temple.
  3532 | D:6      | Reached skill level 6 in Axes
  3706 | D:6      | Found a runed translucent door.
  3707 | D:6      | Noticed Crazy Yiuf
  3764 | D:6      | Found Lyegodis's General Store.
  3904 | D:6      | Reached XP level 8. HP: 31/61 MP: 8/8
  4250 | D:6      | Reached skill level 7 in Axes
  4266 | D:6      | Found a bloodstained altar of Trog.
  4534 | D:7      | Reached skill level 1 in Stealth
  4588 | D:7      | Found a shimmering blue altar of Sif Muna.
  4661 | D:7      | Reached skill level 8 in Axes
  4847 | D:7      | Identified the +6 long sword of Alaeto {vorpal, rC+ Int+4}
  5214 | D:4      | Killed Edmund
  5215 | D:4      | Reached skill level 5 in Fighting
  5221 | D:4      | Killed Eustachio
  5222 | D:4      | Reached XP level 9. HP: 68/68 MP: 9/9
  5285 | D:6      | Killed Crazy Yiuf
  5286 | D:6      | Reached skill level 9 in Axes
  5470 | D:8      | Noticed a two-headed ogre
  5613 | D:8      | Reached skill level 5 in Shields
  5651 | D:8      | Noticed a purple ugly thing
  5651 | D:8      | Noticed a salamander
  5651 | D:8      | Noticed a cyclops
  5655 | D:8      | You fall into a shaft and drop 2 floors!
  5655 | D:10     | Entered Level 10 of the Dungeon
  5712 | D:10     | Reached skill level 5 in Armour
  5721 | D:10     | Reached skill level 10 in Axes
  5881 | D:9      | Reached XP level 10. HP: 76/76 MP: 10/10
  6129 | D:9      | Reached skill level 11 in Axes
  6303 | D:8      | Found a glowing silver altar of Zin.
  6305 | D:8      | Found a burning altar of Makhleb.
  6305 | D:8      | Found a shadowy altar of Dithmenos.
  6381 | D:6      | Bought a runed plate armour for 598 gold pieces
  6434 | D:4      | Killed Grinder
  6584 | D:4      | Reached skill level 13 in Axes
  6584 | D:4      | Reached XP level 11. HP: 86/86 MP: 11/11
  6662 | D:2      | Killed Sigmund
  6889 | D:8      | Found a broken altar of Ashenzari.
  7624 | D:9      | Found a staircase to the Lair.
  7780 | D:9      | Found an ancient bone altar of Kikubaaqudgha.
  7872 | D:9      | Reached XP level 12. HP: 93/94 MP: 12/12
  7955 | D:9      | Found a staircase to the Orcish Mines.
  8045 | D:9      | Found a sacrificial altar of Ru.
  8162 | D:9      | Found a white marble altar of Elyvilon.
  8163 | D:9      | Found a snail-covered altar of Cheibriados.
  8314 | D:10     | Reached skill level 14 in Axes
  8324 | D:10     | You fall into a shaft and drop 3 floors!
  8541 | D:13     | Noticed a vault guard
  8579 | D:13     | Killed a vault guard
  8610 | D:13     | Noticed a vault guard
  8615 | D:13     | You fall into a shaft and drop 2 floors!
  8615 | D:15     | Entered Level 15 of the Dungeon
  8680 | D:15     | Noticed a boulder beetle
  8718 | D:15     | Killed a boulder beetle
  8804 | D:15     | Noticed a boulder beetle
  8829 | D:15     | Killed a boulder beetle
  8930 | D:15     | Noticed a tengu warrior
  8953 | D:15     | Killed a tengu warrior
  8998 | D:15     | Found a staircase to the Depths.
  8998 | D:15     | Noticed a frost giant
  9002 | D:15     | Killed from afar by a frost giant

Illustrated notes

Levels and vault maps discovered:
D:1:      minmay_arrival_floating_metal, layout_basic,
          hellmonk_ecumenical_altar_the_god_not_taken, serial_shops,
          nicolae_shop_crystal, st_stairs_13, minmay_ruptured
D:2:      layout_basic, uniq_sigmund
D:3:      layout_basic, fiery_altar_vehumet, chequers_serial_rivers_micro_b,
          amcnicky_mini_rare_corridor_liquid, kennysheep_decorative_pillar,
          serial_bayou_pond_b
D:4:      layout_rooms, minmay_quantized, uniq_eustachio, uniq_edmund,
          uniq_grinder, uniq_robin
D:5:      layout_basic, mainiacjoe_overflow_small_starburst
D:6:      layout_basic, trog_hazing_becter, fedhas_altar_3,
          minmay_temple_entry_arrows, serial_shops, shop, shop,
          skrybe_limestone_x, serial_bayou_pond_a, nicolae_shop_firing_range,
          uniq_crazy_yiuf_cottage
D:7:      layout_basic, old_standard_altar
D:8:      minmay_chambers_of_sevens, layout_layer_cave,
          nicolae_overflow_crystal_walls, grunt_temple_overflow_open,
          minmay_misc_feat_room, kennysheep_flooded_box, kennysheep_boxes
D:9:      layout_loops_ring, lemuel_mausoleum_altar_kikubaaqudgha,
          nicolae_overflow_hidden_temple, erik_lair_orcish_takeover,
          minmay_hedge_maze, grunt_decor_fettered
D:10:     layout_irregular_city, chequers_avenue, worms_lemuel
D:13:     layout_long_grid, lightli_vaults_fourway_checkpoint,
          nicolae_burly_brawl
D:15:     grunt_enter_depths_snipers, layout_irregular_city,
          nicolae_cairo_tiling, kennysheep_okawaru_gauntlet

Skill      XL: |  1  2  3  4  5  6  7  8  9 10 11 12 |
---------------+-------------------------------------+-----
Axes           | 3 4 5 6 8 10 13 14 | 14.8
Dodging        | 1 2 3 4 |  4.5
Fighting       | 4 5 6 7 8 9 |  9.2
Armour         | 4 5 7 |  7.7
Stealth        | 1 |  1.5
Shields        | 5 8 |  8.7
Evocations     | 4 |  4.4
Short Blades   | |  0.5

Action                   |  1- 3 |  4- 6 |  7- 9 | 10-12 || total
-------------------------+-------+-------+-------+-------++-------
Melee: War axe           |    94 |   149 |   258 |   318 ||   819
       Battleaxe         |       |       |       |    34 ||    34
       Dagger            |       |       |       |    20 ||    20
 Abil: Shaft Self        |       |     1 |     1 |     1 ||     3
Evoke: Wand              |       |       |       |    12 ||    12
  Use: Potion            |       |       |     1 |     5 ||     6
       Scroll            |       |       |       |    14 ||    14
Armor: Scale mail        |    59 |    21 |       |       ||    80
       Ring mail         |       |    33 |   122 |   104 ||   259
Dodge: Dodged            |    57 |    75 |   152 |   155 ||   439
Block: Buckler           |    33 |    38 |    79 |    85 ||   235

Table legend: (Time is in decaauts)
 A = Elapsed time spent in this place.
 B = Non-inter-level travel time spent in this place.
 C = Inter-level travel time spent in this place.
 D = Time resting spent in this place.
 E = Time spent auto-exploring this place.
 F = Levels seen in this place.
 G = Mean time per level.
                   A        B        C        D        E       F      G
               +--------+--------+--------+--------+--------+-----+--------+
         Total |   9127 |   8127 |   1000 |    347 |   5136 |  12 |  760.6 |
       Dungeon |   9127 |   8127 |   1000 |    347 |   5136 |  12 |  760.6 |
               +--------+--------+--------+--------+--------+-----+--------+

Top non-repeatable levels by time:
     D:6: 1445 daAuts
     D:3: 1233 daAuts
     D:9: 1223 daAuts
     D:1: 983 daAuts
     D:7: 960 daAuts
     D:8: 927 daAuts
     D:4: 646 daAuts
     D:5: 543 daAuts
    D:15: 383 daAuts
     D:2: 321 daAuts
    D:13: 279 daAuts
    D:10: 179 daAuts
